 Dungeon Crawl Stone Soup version 0.29-a0-243-g602b31c20e (webtiles) character file.

Game seed: 12588694655666515639

1212 kae the Insei (level 8, -8/69 HPs)
             Began as a Demonspawn Transmuter on Mar 4, 2022.
             Was an Initiate of Makhleb.
             Mangled by an orc warrior
             ... wielding a +0 halberd
              (22 damage)
             ... on level 6 of the Dungeon.
             The game lasted 00:06:13 (6917 turns).

kae the Insei (Demonspawn Transmuter)               Turns: 6917, Time: 00:06:13

Health: -8/69      AC:  6    Str: 11    XL:     8   Next: 22%
Magic:  2/13       EV: 10    Int: 17    God:    Makhleb [......]
Gold:   437        SH:  0    Dex: 13    Spells: 6/14 levels left

rFire   x . .      SeeInvis .     - Unarmed
rCold   + + +      Faith    .   (shield currently unavailable)
rNeg    . . .      Spirit   .   (body armour currently unavailable)
rPois   +          Reflect  .   (helmet currently unavailable)
rElec   .          Harm     .   (cloak currently unavailable)
rCorr   .          Rampage  .   (gloves currently unavailable)
Will    .....                   (boots currently unavailable)
Stlth   +.........              (no amulet)
HPRegen 0.21/turn               (no ring)
MPRegen 0.13/turn               (no ring)

@: ice-form, slightly contaminated
A: freezing attack, amphibious, boosted hp, large, powered by death 2, (sanguine
armour 1), (demonic touch 1)
a: End Transformation, Renounce Religion


You were on level 6 of the Dungeon.
You worshipped Makhleb.
Makhleb was noncommittal.
You were a creature of crystalline ice.
You visited 2 branches of the dungeon, and saw 7 of its levels.

You collected 437 gold pieces.

Inventory:

Armour
 a - a +0 robe (melded)
 h - a +2 hat (melded)
Wands
 m - a wand of flame (21)
Scrolls
 i - 3 scrolls of fog
 o - a scroll of teleportation
Potions
 b - 2 potions of curing
 c - a potion of degeneration
 d - a potion of attraction {unknown}
 e - a potion of heal wounds {unknown}
 g - 2 potions of lignification {unknown}
 j - 3 potions of flight {unknown}
 k - a potion of haste {unknown}
 l - a potion of might {unknown}
 n - a potion of resistance {unknown}


   Skills:
 + Level 3.2 Fighting
 + Level 3.2 Dodging
 * Level 4.8 Unarmed Combat
 + Level 3.5 Spellcasting
 * Level 4.5 Transmutations
 * Level 3.2 Ice Magic
 - Level 2.0 Poison Magic
 + Level 2.4 Invocations


You had 6 spell levels left.
You knew the following spells:

 Your Spells              Type           Power      Damage    Failure   Level
a - Beastly Appendage     Tmut           36%        N/A       2%          1
b - Spider Form           Tmut/Pois      14%        N/A       13%         3
c - Ice Form              Ice/Tmut       16%        N/A       32%         4

Your spell library contained the following spells:

 Spells                   Type           Power      Damage    Failure   Level
 Wereblood                Tmut           18%        N/A       3%          2
 Shock                    Conj/Air       8%         1d3       17%         1
 Summon Small Mammal      Summ           8%         N/A       17%         1
 Sublimation of Blood     Necr           2%         N/A       26%         2
 Call Canine Familiar     Summ           2%         N/A       45%         3
 Portal Projectile        Hex/Tloc       4%         N/A       45%         3
 Summon Guardian Golem    Hex/Summ       2%         N/A       45%         3
 Swiftness                Air            2%         N/A       45%         3
 Airstrike                Air            1%         N/A       86%         4
 Leda's Liquefaction      Hex/Erth       1%         N/A       86%         4
 Summon Hydra             Summ           1%         N/A       100%        7


Dungeon Overview and Level Annotations

Branches:
Dungeon (6/15)             Temple (1/1) D:5

Altars:
Ashenzari
Cheibriados
Dithmenos
Elyvilon
Fedhas
Gozag
Hepliaklqana
Kikubaaqudgha
Makhleb
Nemelex Xobeh
Qazlal
Ru
Sif Muna
Trog
Uskayaw
Vehumet
Xom
Yredelemnul
Zin
The Shining One


Innate Abilities, Weirdness & Mutations

You are a creature of crystalline ice.
You have a powerful freezing melee attack.
You are amphibious.
Your maximum health is increased.
Your armour is entirely melded.
You are incapable of wielding weapons or throwing items.
You regenerate health from kills.
((When seriously injured, your blood forms armour. (AC +0)))
((Your touch may inflict minor irresistible damage on your foes.))


Message History

The spell is quite dangerous to miscast (32% risk of failure)!
Continue anyway? [Y]es or [N]o only, please.
The spell is quite dangerous to miscast (32% risk of failure)!
Continue anyway?
You miscast Ice Form.
Your limbs ache and wobble like jelly.
You are lightly contaminated with residual magic.
The orc warrior closely misses you.
Casting: Ice Form (quite dangerous; 32% risk of failure)
Confirm with . or Enter, or press ? or * to list all spells.
The spell is quite dangerous to miscast (32% risk of failure)!
Continue anyway? [Y]es or [N]o only, please.
The spell is quite dangerous to miscast (32% risk of failure)!
Continue anyway?
You turn into a creature of crystalline ice.
Your +2 hat melds into your body.
Your +0 robe melds into your body.
Your blood armour dries and flakes away.
The orc warrior hits you with a +0 halberd!
You hit the orc warrior but do no damage.
You hit the orc warrior. You freeze the orc warrior.
The orc warrior is moderately wounded.
The orc warrior hits you with a +0 halberd.
You barely miss the orc warrior.
The orc warrior is moderately wounded.
The orc warrior barely misses you.
You hit the orc warrior but do no damage.
The orc warrior is moderately wounded.
The orc warrior closely misses you.
You hit the orc warrior. You freeze the orc warrior.
The orc warrior is heavily wounded.
The orc warrior barely misses you.
You hit the orc warrior but do no damage.
The orc warrior is heavily wounded.
The orc warrior hits you with a +0 halberd!
* * * LOW HITPOINT WARNING * * *
You punch the orc warrior! You freeze the orc warrior.
The orc warrior is almost dead.
The orc warrior hits you with a +0 halberd.
* * * LOW HITPOINT WARNING * * *
You hit the orc warrior but do no damage.
The orc warrior is almost dead.
The orc warrior hits you with a +0 halberd!!
You die...

....##......)#....#(#
........<.#...#.#####
...#.#.>....#..#.###
.#.#............#..#
.....##..........###
.#......#..#.#####
.#....###........###
.#..............#.)#
.....##.....#..#Y###
[#.#......#...#o##
...#.####....#...o#
...... #......###.#
....### #..#.... #
.... #.....#? ###.
#...#. .. #....#
.....


You could see an orc warrior.

Vanquished Creatures
  A komodo dragon (D:5)
  A water moccasin (D:6)
  A black bear (D:6)
  An ice beast (D:5)
  A necrophage (D:6)
  2 scorpions (D:5)
  2 howler monkeys (D:4)
  A gnoll shaman (D:4)
  2 hounds (D:5)
  Jessica (D:2)
  An iguana (D:4)
  3 orc wizards
  8 gnolls
  5 adders
  A white imp (D:5)
  2 worms
  A dart slug (D:1)
  6 orcs
  4 ball pythons
  8 endoplasms
  6 giant cockroaches
  11 goblins
  8 hobgoblins
  5 kobolds
  A quokka (D:2)
  7 bats
  3 frilled lizards
  5 rats
98 creatures vanquished.

Vanquished Creatures (others)
  12 plants
12 creatures vanquished.

Grand Total: 110 creatures vanquished

Notes
Turn   | Place    | Note
-------+----------+-------------------------------------------
     0 | D:1      | kae the Demonspawn Transmuter began the quest for the Orb.
     0 | D:1      | Reached XP level 1. HP: 15/15 MP: 3/3
   334 | D:1      | Gained mutation: Your touch may inflict minor irresistible
                  | damage on your foes. [demonic ancestry]
   334 | D:1      | Reached XP level 2. HP: 20/21 MP: 3/5
   936 | D:1      | Found a faded altar of an unknown god.
   979 | D:1      | Gained mutation: You regenerate a little health from kills.
                  | [demonic ancestry]
   979 | D:1      | Reached XP level 3. HP: 26/26 MP: 6/6
  1031 | D:1      | Learned a level 3 spell: Spider Form
  1765 | D:2      | Noticed Jessica
  1773 | D:2      | Killed Jessica
  1774 | D:2      | Reached skill level 1 in Poison Magic
  1774 | D:2      | Reached XP level 4. HP: 23/32 MP: 5/7
  2201 | D:2      | Found a bloodstained altar of Trog.
  2800 | D:3      | Found a stormy altar of Qazlal.
  3340 | D:3      | Gained mutation: When seriously injured, your blood forms
                  | armour. (AC +0) [demonic ancestry]
  3340 | D:3      | Reached XP level 5. HP: 38/38 MP: 4/8
  3526 | D:3      | Learned a level 4 spell: Ice Form
  4094 | D:4      | Reached skill level 1 in Ice Magic
  4094 | D:4      | Reached XP level 6. HP: 42/44 MP: 7/10
  4768 | D:5      | Entered Level 5 of the Dungeon
  4850 | D:5      | Noticed a komodo dragon
  5361 | D:5      | Found a staircase to the Ecumenical Temple.
  5382 | Temple   | Entered the Ecumenical Temple
  5621 | Temple   | Became a worshipper of Makhleb the Destroyer
  5667 | D:5      | Killed a komodo dragon
  5668 | D:5      | Reached skill level 1 in Invocations
  5668 | D:5      | Gained mutation: You regenerate health from kills. [demonic
                  | ancestry]
  5668 | D:5      | Reached XP level 7. HP: 31/51 MP: 3/11
  6502 | D:6      | Reached XP level 8. HP: 34/58 MP: 10/13
  6672 | D:6      | HP: 1/58 [poisoned by a water moccasin]
  6917 | D:6      | Mangled by an orc warrior

Illustrated notes

Levels and vault maps discovered:
D:1:      dpeg_arrival_stone_temple_mockup, layout_basic,
          ebering_ecumenical_altar_petrified, nicolae_figureground_sparkle
D:2:      layout_loops_ring, minmay_hexomino_r4, uniq_jessica
D:3:      layout_basic, nicolae_qazlal_general_emergency,
          dreamdust_princess_bridge, chequers_serial_rivers_room_b
D:4:      layout_loops_ring
D:5:      layout_loops_cross, minmay_temple_entry_gardened_gates
D:6:      nicolae_cairo_tiling_large_dashed, layout_rooms,
          nicolae_wu_jian_immortal_techniques, serial_bayou,
          serial_bayou_crossing, serial_bayou_shore_b, serial_bayou_lake_a,
          serial_bayou_shore_b, serial_bayou_pond_b, minmay_increasing_density
Temple:   mainiacjoe_temple_bowtie_tessellation

Skill      XL: |  1  2  3  4  5  6  7 |
---------------+----------------------+-----
Transmutations | 2 3 4 |  4.5
Dodging        | 2 3 |  3.2
Unarmed Combat | 3 4 |  4.8
Poison Magic   | 1 2 |  2.0
Fighting       | 2 3 |  3.2
Ice Magic      | 1 2 3 |  3.2
Spellcasting   | 3 |  3.5
Invocations    | 1 2 |  2.4

Action                   |  1- 3 |  4- 6 |  7- 9 || total
-------------------------+-------+-------+-------++-------
Melee: Unarmed           |    77 |   161 |    73 ||   311
       Kick              |    16 |    22 |       ||    38
       Headbutt          |     9 |    10 |       ||    19
       Touch             |     6 |    19 |       ||    25
       Punch             |     1 |     4 |       ||     5
 Cast: Beastly Appendage |    21 |    25 |       ||    46
       Spider Form       |       |     6 |     8 ||    14
       Ice Form          |       |     1 |     3 ||     4
  Use: Scroll            |     2 |     6 |     1 ||     9
       Potion            |       |       |     2 ||     2
 Stab: Sleeping          |     1 |     1 |       ||     2
Armor: Robe              |    20 |    26 |     2 ||    48
       Skin              |       |     1 |    13 ||    14
Dodge: Dodged            |    47 |    91 |    64 ||   202

Table legend: (Time is in decaauts)
 A = Elapsed time spent in this place.
 B = Non-inter-level travel time spent in this place.
 C = Inter-level travel time spent in this place.
 D = Time resting spent in this place.
 E = Time spent auto-exploring this place.
 F = Levels seen in this place.
 G = Mean time per level.
                   A        B        C        D        E       F      G
               +--------+--------+--------+--------+--------+-----+--------+
         Total |   6902 |   6585 |    317 |   1029 |   4682 |   7 |  986.0 |
       Dungeon |   6634 |   6372 |    262 |   1029 |   4485 |   6 | 1105.7 |
        Temple |    267 |    212 |     55 |      0 |    197 |   1 |  267.0 |
               +--------+--------+--------+--------+--------+-----+--------+

Top non-repeatable levels by time:
     D:1: 1597 daAuts
     D:4: 1432 daAuts
     D:5: 1187 daAuts
     D:2: 1096 daAuts
     D:3: 840 daAuts
     D:6: 480 daAuts
  Temple: 267 daAuts
